 Dungeon Crawl Stone Soup version 0.27.0-1-g7a089689b8 (webtiles) character file.

Game seed: 10858217382581413821

270 HungrySpirit the Vexing (level 6, -2/46 HPs)
             Began as a Human Arcane Marksman on July 31, 2021.
             Was a Plaything of Xom.
             Slain by Menkaure (9 damage)
             ... on level 4 of the Dungeon.
             The game lasted 00:04:31 (2810 turns).

HungrySpirit the Vexing (Human Arcane Marksman)     Turns: 2810, Time: 00:04:32

Health: -2/46      AC:  7    Str: 12    XL:     6   Next: 46%
Magic:  8/8        EV:  9    Int: 14    God:    Xom [.*....]
Gold:   67         SH: 11    Dex: 13    Spells: 7/8 levels left

rFire    . . .     SeeInvis .   c - +0 dagger (elec)
rCold    . . .     Faith    .   i - +2 buckler
rNeg     . . .     Spirit   .   g - +0 scale mail
rPois    .         Reflect  +   j - +0 helmet
rElec    .         Harm     .   (no cloak)
rCorr    .         Rampage  .   (no gloves)
Will     +....                  (no boots)
Stlth    ..........             d - amulet of reflection
HPRegen  0.15/turn              k - ring of willpower
MPRegen  0.11/turn              (no ring)

@: no status effects
A: no striking features
a: Renounce Religion


You were on level 4 of the Dungeon.
You worshipped Xom.
You were a plaything of Xom.
You visited 1 branch of the dungeon, and saw 4 of its levels.

You collected 67 gold pieces.

Inventory:

Hand Weapons
 c - a +0 dagger of electrocution (weapon)
 q - a +4 short sword of draining
Missiles
 m - 8 poisoned darts (quivered)
Armour
 g - a +0 scale mail (worn)
 i - a +2 buckler (worn)
 j - a +0 helmet (worn)
Jewellery
 d - an amulet of reflection (around neck)
 k - a ring of willpower (left hand)
Scrolls
 a - 2 scrolls of noise {unknown}
 b - 2 scrolls of identify {unknown}
 h - a scroll of teleportation {unknown}
Potions
 e - a potion of curing {unknown}
 f - a potion of attraction {unknown}
 n - a potion of haste {unknown}
 o - 2 potions of heal wounds {unknown}
 p - a potion of magic {unknown}


   Skills:
 + Level 2.7 Fighting
 * Level 3.1 Short Blades
 - Level 2.0 Bows
 + Level 2.3 Armour
 - Level 2.0 Dodging
 + Level 1.6 Shields
 - Level 1.6 Spellcasting
 - Level 3.4 Hexes


You had 7 spell levels left.
You knew the following spells:

 Your Spells              Type           Power      Damage    Failure   Level
a - Corona                Hex            11%        N/A       38%         1

Your spell library contained the following spells:

 Spells                   Type           Power      Damage    Failure   Level
 Slow                     Hex            10%        N/A       54%         2
 Confusing Touch          Hex            10%        N/A       77%         3
 Inner Flame              Hex/Fire       5%         N/A       95%         3
 Portal Projectile        Hex/Tloc       10%        N/A       95%         3
 Vampiric Draining        Necr           0%         2d6       99%         3
 Cause Fear               Hex            5%         N/A       99%         4


Dungeon Overview and Level Annotations

Branches:
Dungeon (4/15)
 Temple: D:4-7

Altars:
Dithmenos
Hepliaklqana
Vehumet
Xom
Yredelemnul

Shops:
D:1 (   D:2 *

Annotations:
D:4 Menkaure


Message History

Menkaure is lightly damaged.
Menkaure grins.
Menkaure mumbles some strange words.
Menkaure seems to speed up.
You hit Menkaure.
Menkaure is moderately damaged.
You block Menkaure's attack.
Okay, then.
Press: ? - help, v - describe, . - travel
Here: Menkaure (moderately damaged, fast)
The floor.
You hear the crackle of electricity.
c - a +0 dagger of electrocution (weapon)
Menkaure casts a spell at you. Pain shoots through your body!
You barely miss Menkaure.
Menkaure is moderately damaged.
Menkaure hits you!
You hit Menkaure.
Menkaure is moderately damaged. "Serve the mortal, my child!"
Menkaure barely misses you.
You hit Menkaure but do no damage.
Menkaure is moderately damaged.
Menkaure hits you!
* * * LOW HITPOINT WARNING * * *
You hit Menkaure but do no damage.
Menkaure is moderately damaged.
Menkaure casts a spell at you. You resist with some effort.
Your shield and scale mail prevent you from hitting Menkaure.
Menkaure is moderately damaged.
Menkaure calls on the powers of darkness!
Your body is wracked with pain!
* * * LOW HITPOINT WARNING * * *
You hit Menkaure but do no damage.
Menkaure is moderately damaged.
Menkaure hits you!
You die...
Xom bursts into laughter!

#..###.# ##[.....
#......## .. .....##
#####.##...##.#
###.###
.#....[>M(......#
...##.
#....###.#.#).####
.##....
#..?.....M###.# ##.#
#....###.#.#..# #.#
.........5#M#.######.#
#..
..M.......@.#........#
###
(.#....#..###.########
#### #....#..#
#.##########...
.........#
#............##
/.........#
##############
######.#### #. #.


You could see Menkaure (fast, ally target) and a friendly ufetubus (summoned).

Vanquished Creatures
  An ogre (D:4)
  An orc priest (D:3)
  A hound zombie (D:3)
  2 gnolls (D:1)
  3 adders
  An adder skeleton (D:4)
  3 worms
  3 dart slugs
  7 orcs
  5 endoplasms
  2 giant cockroaches
  4 goblins
  7 hobgoblins
  11 jackals
  3 quokkas
  4 ball pythons
  A bat (D:3)
  5 frilled lizards
  7 kobolds
  6 rats
77 creatures vanquished.

Notes
Turn   | Place    | Note
-------+----------+-------------------------------------------
     0 | D:1      | HungrySpirit the Human Arcane Marksman began the quest for
                  | the Orb.
     0 | D:1      | Reached XP level 1. HP: 15/15 MP: 2/2
    40 | D:1      | Reached XP level 2. HP: 14/21 MP: 3/3
   248 | D:1      | Found Pecuysen's Weapon Shop.
   347 | D:1      | Reached skill level 1 in Armour
   347 | D:1      | Reached XP level 3. HP: 23/26 MP: 5/5
   483 | D:1      | Found a faded altar of an unknown god.
   570 | D:1      | Reached skill level 1 in Short Blades
   713 | D:1      | Reached XP level 4. HP: 33/33 MP: 6/6
   776 | D:1      | Became a worshipper of Xom of Chaos
   892 | D:2      | Found Konakuy's General Store.
  1050 | D:2      | XOM: silly message
  1161 | D:2      | XOM: divination: detect items
  1428 | D:2      | Found a basalt altar of Yredelemnul.
  1461 | D:2      | XOM: divination: magic mapping
  1502 | D:2      | XOM: divination: magic mapping
  1584 | D:2      | XOM: silly message
  1621 | D:3      | Found a radiant altar of Vehumet.
  1627 | D:3      | Reached XP level 5. HP: 38/38 MP: 7/7
  1717 | D:3      | XOM: divination: detect items
  1862 | D:3      | XOM: noise
  1969 | D:3      | XOM: silly message
  2045 | D:3      | XOM: 7-stop teleportation journey
  2089 | D:3      | Reached skill level 1 in Shields
  2170 | D:3      | Found a hazy altar of Hepliaklqana.
  2193 | D:3      | XOM: noise
  2638 | D:4      | Found a shadowy altar of Dithmenos.
  2646 | D:4      | Reached XP level 6. HP: 46/46 MP: 8/8
  2646 | D:4      | Noticed an ogre
  2654 | D:4      | Killed an ogre
  2783 | D:4      | Noticed Menkaure
  2806 | D:4      | XOM: summons friendly ufetubus
  2810 | D:4      | Slain by Menkaure

Illustrated notes

Levels and vault maps discovered:
D:1:      mushboom_english_gardens, layout_rooms,
          shapermc_ecumenical_altar_mp_highgroup, serial_shops, shop,
          minmay_tetromino_l2
D:2:      layout_loops_cross, basic_altar, serial_shops, shop
D:3:      layout_loops_ring, mainiacjoe_overflow_alcove_4, old_standard_altar,
          amethyst_killhole
D:4:      layout_loops_ring, nicolae_dithmenos_shadow_blocks, uniq_menkaure,
          uniq_eustachio

Skill      XL: |  1  2  3  4  5  6 |
---------------+-------------------+-----
Armour         | 1 2 |  2.3
Short Blades   | 1 2 3 |  3.1
Fighting       | 2 |  2.7
Shields        | 1 |  1.6
Bows           | |  2.0
Dodging        | |  2.0
Spellcasting   | |  1.6
Hexes          | |  3.4

Action                   |  1- 3 |  4- 6 || total
-------------------------+-------+-------++-------
Melee: Short sword       |    34 |    81 ||   115
       Dagger            |       |   115 ||   115
 Fire: Shortbow          |    20 |       ||    20
 Stab: Sleeping          |       |     1 ||     1
Armor: Robe              |     2 |       ||     2
       Chain mail        |     3 |       ||     3
       Scale mail        |    12 |    63 ||    75
Dodge: Dodged            |    22 |    62 ||    84
Block: Buckler           |       |    88 ||    88
       Reflection        |       |     2 ||     2
